 Dungeon Crawl Stone Soup version 0.32-a0-630-g46d191b0ed (webtiles) character file.

Game seed: 5814157982151084177

153 Dittersdorf the Trooper (level 5, -3/34 HPs)
             Began as a Gargoyle Fighter on Mar 6, 2024.
             Slain by a gnoll
             ... wielding a +0 halberd
              (8 damage)
             ... on level 3 of the Dungeon.
             The game lasted 00:02:22 (1981 turns).

Dittersdorf the Trooper (Gargoyle Fighter)          Turns: 1981, Time: 00:02:23

Health: -3/34      AC: 14    Str: 21    XL:     5   Next: 35%
Magic:  5/5        EV:  8    Int:  9    God:
Gold:   108        SH:  4    Dex:  9    Spells: 4/4 levels left

rFire   . . .        a - +0 flail
rCold   . . .        c - +0 buckler
rNeg    + . .        h - +0 chain mail
rPois   ∞            (no helmet)
rElec   +            (no cloak)
rCorr   .            m - +0 pair of gloves
SInv    .            (no boots)
Will    .....        (no amulet) Stlth
                     (no ring)
HPRegen 0.25/turn    (no ring)
MPRegen 0.09/turn

%: no passive effects
@: no status effects
A: sickness immunity, AC +4, negative energy resistance 1, electricity
resistance, torment resistance 1, petrification resistance
a: no special abilities


You were on level 3 of the Dungeon.
You visited 1 branch of the dungeon, and saw 3 of its levels.

You collected 108 gold pieces.

Inventory:

Hand Weapons
 a - a +0 flail (weapon)
Armour
 c - a +0 buckler (worn)
 h - a +0 chain mail (worn)
 m - a +0 pair of gloves (worn)
Scrolls
 f - 3 scrolls of enchant weapon {unknown}
 i - a scroll of identify {unknown}
 j - a scroll of torment {unknown}
 k - a scroll of revelation {unknown}
 l - a scroll of noise {unknown}
 n - 2 scrolls of fog {unknown}
 p - a scroll of amnesia {unknown}
Potions
 b - a potion of invisibility {unknown}
 d - a potion of might
 e - a potion of berserk rage {unknown}
 g - a potion of attraction {unknown}
 o - a potion of heal wounds {unknown}


   Skills:
 + Level 4.3 Fighting
 + Level 3.2 Maces & Flails
 + Level 4.2 Armour
 + Level 4.2 Shields


You had 4 spell levels left.
You didn't know any spells.
Your spell library was empty.

Dungeon Overview and Level Annotations

Branches:
Dungeon (3/15)

Altars:
Vehumet


Innate Abilities, Weirdness & Mutations

You are immune to sickness and miasma.
Your stone body is resilient. (AC +4)
You are immune to poison.
You resist negative energy. (rN+)
You are resistant to electric shocks. (rElec)
You are resistant to unholy torment.
You are immune to petrification.


Message History

A gnoll comes into view. It is wielding a +0 halberd.
You block the gnoll's attack. The gnoll barely misses you.
The gnoll moves out of view.
You thump the gnoll!
You kill the gnoll!
The gnoll hits you from afar with a +0 halberd.
You are too injured to fight recklessly!
You are too injured to fight recklessly!
You are too injured to fight recklessly!
You are too injured to fight recklessly!
You are too injured to fight recklessly!
You are too injured to fight recklessly!
You are too injured to fight recklessly!
You are too injured to fight recklessly!
You are too injured to fight recklessly!
You are too injured to fight recklessly!
You are too injured to fight recklessly!
You are too injured to fight recklessly!
You are too injured to fight recklessly!
You are too injured to fight recklessly!
You are too injured to fight recklessly!
You are too injured to fight recklessly!
The gnoll hits you but does no damage.
Things that are here:
a +0 flail; a +1 whip of electrocution; a gnoll corpse The gnoll shouts!
You sock the gnoll!
The gnoll is almost dead.
The gnoll hits you with a +0 halberd!
* * * LOW HITPOINT WARNING * * *
You thump the gnoll!
You kill the gnoll!
The gnoll hits you from afar with a +0 halberd.
* * * LOW HITPOINT WARNING * * *
The gnoll hits you but does no damage.
Things that are here:
a +0 halberd; a gnoll corpse You barely miss the gnoll.
The gnoll barely misses you. The gnoll hits you with a +0 halberd!
You die...

###'###..#
##.....##.#
#.......#†#
###.......#.#
#.'..._...'.#
#.#.......#.#
#.#.......#.#
#)##.....##.#####
#@####+####.#.#.##
#.#g......#.#.#.#.#
#.#
#......'#.#.#.#.
#.#
+......#.#.#.#.#
#.#
#......+#.#.#.#. ##
.......#.#.#.#.#
#'#'#.#.#.#.#.
.#.#)#.#.#.#.#
#.#.#.#.#.#.


You could see a gnoll.

Vanquished Creatures
  Terence (D:2)
  3 gnolls (D:3)
  2 ufetubi (D:3)
  7 dart slugs
  2 ribbon worms
  6 ball pythons
  8 endoplasms
  A giant cockroach (D:1)
  5 goblins
  7 hobgoblins
  3 jackals (D:1)
  2 quokkas
  5 bats
  5 frilled lizards
  8 kobolds
  5 rats
70 creatures vanquished.

Notes
Turn   | Place    | Note
-------+----------+-------------------------------------------
     0 | D:1      | Dittersdorf the Gargoyle Fighter began the quest for the
                  | Orb.
     0 | D:1      | Reached XP level 1. HP: 14/14 MP: 1/1
   131 | D:1      | Reached XP level 2. HP: 14/19 MP: 2/2
   297 | D:1      | Found a faded altar of an unknown god.
   447 | D:1      | Reached XP level 3. HP: 24/24 MP: 3/3
   910 | D:2      | Noticed Terence
  1003 | D:2      | HP: 1/24 [Terence/+0 hand axe (3)]
  1004 | D:2      | Killed Terence
  1005 | D:2      | Reached XP level 4. HP: 1/29 MP: 4/4
  1833 | D:3      | Reached XP level 5. HP: 11/33 MP: 5/5
  1949 | D:3      | Found a radiant altar of Vehumet.
  1981 | D:3      | Slain by a gnoll

Illustrated notes

Levels and vault maps discovered:
D:1:      tarquinn_simple_flora_water_b, layout_basic,
          ebering_ecumenical_altar_sacrificial, serial_curves, eino_curves_04,
          eino_curves_03
D:2:      layout_basic, serial_bayou_pond_e, uniq_terence
D:3:      layout_basic, old_standard_altar, nicolae_vehumet_altar_sigil,
          mainiacjoe_overflow_surrounded_room, serial_rivers,
          chequers_serial_rivers_small_3, chequers_serial_rivers_small_3,
          chequers_serial_rivers_micro_a, chequers_serial_rivers_micro_d

Skill      XL: |  1  2  3  4 |
---------------+-------------+-----
Fighting       | 4 |  4.3
Armour         | 4 |  4.2
Shields        | 4 |  4.2
Maces & Flails | 3 |  3.2

Action                     |  1- 3 |  4- 6 || total
---------------------------+-------+-------++-------
  Melee: Flail             |   129 |   103 ||   232
 Armour: Scale mail        |    50 |       ||    50
         Chain mail        |    70 |   128 ||   198
  Dodge: Dodged            |    57 |    67 ||   124
  Block: Buckler           |    32 |    32 ||    64

Table legend: (Time is in decaauts)
 A = Elapsed time spent in this place.
 B = Non-inter-level travel time spent in this place.
 C = Inter-level travel time spent in this place.
 D = Time resting spent in this place.
 E = Time spent auto-exploring this place.
 F = Levels seen in this place.
 G = Mean time per level.
                   A        B        C        D        E       F      G
               +--------+--------+--------+--------+--------+-----+--------+
         Total |   2052 |   1954 |     98 |    157 |   1236 |   3 |  684.0 |
       Dungeon |   2052 |   1954 |     98 |    157 |   1236 |   3 |  684.0 |
               +--------+--------+--------+--------+--------+-----+--------+

Top non-repeatable levels by time:
     D:1: 952 daAuts
     D:2: 851 daAuts
     D:3: 248 daAuts
